 Dungeon Crawl Stone Soup version 0.19.1 (webtiles) character file.

18 Idleism the Conjurer (level 2, 0/30 HPs)
             Began as a Draconian Conjurer on Dec 8, 2016.
             Succumbed to a worker ant's poison
             ... on level 1 of the Dungeon.
             The game lasted 00:03:00 (753 turns).

Idleism the Conjurer (Draconian Conjurer)            Turns: 753, Time: 00:03:00

Health: 0/30       AC: 21    Str: 10    XL:     2   Next: 48%
Magic:  1/5        EV:  2    Int: 20    God:
Gold:   55         SH:  0    Dex: 11    Spells: 2 memorised, 2 levels left

rFire  . . .     SeeInvis .     e - +0 short sword
rCold  . . .     Gourm    .     (armour unavailable)
rNeg   + + +     Faith    .     (no shield)
rPois  +         Spirit   .     (helmet currently unavailable)
rElec  .         Reflect  .     (cloak currently unavailable)
rCorr  .         Harm     .     (gloves currently unavailable)
MR     .....     NoTele   +     (boots currently unavailable)
Stlth  ++........               (no amulet)
                                (no ring)
                                (no ring)

@: brilliant, lethally poisoned (0 -> -14), tree-form, very slightly
contaminated
A: unfitting armour, (cold-blooded), AC +4
a: no special abilities


You were on level 1 of the Dungeon.
You were not hungry.
You were a tree.
You visited 1 branch of the dungeon, and saw 1 of its levels.

You collected 55 gold pieces.

Inventory:

Hand Weapons
 e - a +0 short sword (weapon)
Scrolls
 c - a scroll of blinking {unknown}
 d - a scroll of random uselessness {unknown}
 f - a scroll of noise {unknown}
 g - a scroll of remove curse {unknown}
 h - 2 scrolls of identify {unknown}
 k - a scroll of teleportation {unknown}
Books
 a - a book of Conjurations

   Spells                             Type                      Level
   a - Magic Dart                     Conjuration                  1
   b - Searing Ray                    Conjuration                  2
   c - Dazzling Spray                 Conjuration/Hexes            3
   d - Fulminant Prism                Conjuration/Hexes            4
   e - Iskenderun's Mystic Blast      Conjuration                  4
   f - Iskenderun's Battlesphere      Conjuration/Charms           5
Comestibles
 b - a bread ration


   Skills:
 - Level 1.7 Dodging
 - Level 1.7 Stealth
 - Level 2.0 Spellcasting
 + Level 4.7 Conjurations


You had 2 spell levels left.
You knew the following spells:

 Your Spells              Type           Power        Failure   Level  Hunger
a - Magic Dart            Conj           ####         1%          1    #......
b - Searing Ray           Conj           ####..       1%          2    ##.....


Dungeon Overview and Level Annotations

Branches:
Dungeon (1/15)

Altars:


Innate Abilities, Weirdness & Mutations

((Your plain brown scales are hard. (AC +4)))
You cannot fit into any form of body armour.
((You are cold-blooded and may be slowed by cold attacks.))


Message History

You hit the worker ant but do no damage.
The worker ant is moderately wounded.
* * * LOW HITPOINT WARNING * * *
You feel sick.
The worker ant bites you but does no damage.
You closely miss the worker ant.
The worker ant is moderately wounded.
* * * LOW HITPOINT WARNING * * *
You feel sick. The worker ant bites you.
* * * LOW HITPOINT WARNING * * *
You are more poisoned.
The worker ant poisons you!
You closely miss the worker ant.
The worker ant is moderately wounded.
* * * LOW HITPOINT WARNING * * *
You feel sick.
The worker ant bites you but does no damage. x2
You hit the worker ant but do no damage.
The worker ant is moderately wounded.
You die...

#####.#.# #.# #.# #.......#
#.# #.##### #..##.#.## #.#
#.....# #.........# #.#
#####.# #...#).#..##########
#.# #.. #..............# #.#
## #.##..########.## #.# #.
#>...........## #.# #
##.##......a♣.....# #.# #
.........#.#####.#.###.#######
.##.##...#.## #.#..##........
#..........# #.##.##########
#...#.#.#..# ####.# #
#..........# #.## #
#.........########..#########
##...........................
#.........####.###..########


You could see a worker ant.

Vanquished Creatures
  An ooze (D:1)
  A bat (D:1)
  4 hobgoblins (D:1)
  3 jackals (D:1)
  A kobold (D:1)
  2 rats (D:1)
12 creatures vanquished.

Notes
Turn   | Place    | Note
-------+----------+-------------------------------------------
     0 | D:1      | Idleism the Draconian Conjurer began the quest for the Orb.
     0 | D:1      | Reached XP level 1. HP: 14/14 MP: 3/3
   139 | D:1      | Reached XP level 2. HP: 16/20 MP: 0/5
   226 | D:1      | Learned a level 2 spell: Searing Ray
   753 | D:1      | Succumbed to a worker ant's poison

Action                   || total
-------------------------++-------
Melee: Short sword       ||    20
       Tailslap          ||     1
 Cast: Magic Dart        ||    19
       Searing Ray       ||     3
  Use: Potion            ||     2
Armor: Skin              ||    10
Dodge: Dodged            ||    14
